 Dungeon Crawl Stone Soup version 0.32-a0-42-ga30500b4d3 (webtiles) character file.

Game seed: 12272579903536596178

156075 RockinRobin the Fighter (level 17, -3/225 HPs)
             Began as a Demonspawn Chaos Knight on Jan 30, 2024.
             Was a Plaything of Xom.
             Slain by a nagaraja
             ... wielding a +0 spear
              (9 damage)
             ... on level 4 of the Snake Pit.
             The game lasted 02:10:44 (21069 turns).

RockinRobin the Fighter (Demonspawn Chaos Knight)  Turns: 21069, Time: 02:11:00

Health: -3/225     AC: 33    Str: 26    XL:     17   Next: 9%
Magic:  18/18      EV: 13    Int: 23    God:    Xom [......]
Gold:   2061       SH: 19    Dex: 10    Spells: 16/16 levels left

rFire   + . .        R - +9 morningstar (chaos)
rCold   + . .        U - +2 shield of Resistance {rF++ rC++ Will++}
rNeg    . . .        q - +5 chain mail of Entitlement {rC- Regen+ Dex+3 Slay+3}
rPois   +            (helmet restricted)
rElec   +            s - +1 cloak {Will+}
rCorr   +            y - +2 pair of gloves
SInv    .            n - +0 pair of boots {rampage}
Will    +++++        d - amulet of regeneration Stlth
                     g - ring "Xegucaun" {Fly Str+5 Int+6 Dex-3 Stlth+}
HPRegen 2.97/turn    B - +4 ring of protection
MPRegen 0.16/turn

%: clarity, rampage
@: mighty, berserking (expiring), lethally poisoned (-3 -> -4), weakened,
flying, very quick
A: antennae 2, yellow scales 3, foul stench 2, spiny 2, hooves 1, large bone
plates 2, camouflage 1, clarity, clever 1, clumsy 1, high MP 1, strong-willed 1,
passive freeze, sense surroundings 2, poison resistance, regeneration 1, robust
1, electricity resistance, strong 1, heat vulnerability 1, inability to read
after injury 1, MP-powered wands, sturdy frame 2, persistent drain
a: Renounce Religion


You were on level 4 of the Snake Pit.
You worshipped Xom.
You were a very special plaything of Xom.
You visited 4 branches of the dungeon, and saw 25 of its levels.
You visited the Abyss 1 time.
You also visited: Sewer, Bailey and Volcano.

You collected 2061 gold pieces.

Inventory:

Hand Weapons
 t - a +2 eveningstar of protection
 R - a +9 morningstar of chaos (weapon)
Missiles
 e - 6 curare-tipped darts
 P - 6 throwing nets
Armour
 b - the +0 cloak "Ekliogio" {rPois Dex+3}
   (You acquired it on level 1 of the Lair of Beasts)

   Dex+3:     It affects your dexterity (+3).
   rPois:     It protects you from poison
 n - a +0 pair of boots of rampaging (worn)
 q - the +5 chain mail of Entitlement (worn) {rC- Regen+ Dex+3 Slay+3}
   (You took it off an orc on level 3 of the Dungeon)

   Dex+3:     It affects your dexterity (+3).
   Slay+3:    It affects your accuracy & damage with ranged weapons and melee
   (+3).
   rC-:       It makes you vulnerable to cold.
   Regen+:    It increases your rate of health regeneration.
 s - a +1 cloak of willpower (worn)
 y - a +2 pair of gloves (worn)
 U - the +2 shield of Resistance (worn) {rF++ rC++ Will++}
   (You acquired it in a bailey)

   rF++:      It greatly protects you from fire.
   rC++:      It greatly protects you from cold.
   Will++:    It greatly increases your willpower.
Jewellery
 d - an amulet of regeneration (around neck)
 g - the ring "Xegucaun" (left hand) {Fly Str+5 Int+6 Dex-3 Stlth+}
   (You found it on level 3 of the Dungeon)

   [ring of intelligence]

   Str+5:     It affects your strength (+5).
   Int+6:     It affects your intelligence (+6).
   Dex-3:     It affects your dexterity (-3).
   Fly:       It grants you flight.
   Stlth+:    It makes you more stealthy.
 B - a +4 ring of protection (right hand)
 M - a +6 ring of dexterity
 N - a ring of see invisible
Talismans
 L - a maw talisman
Wands
 k - a wand of mindburst (34)
 m - a wand of charming (8)
 r - a wand of polymorph (11)
 A - a wand of flame (10)
 G - a wand of roots (14)
 H - a wand of quicksilver (16)
Scrolls
 c - a scroll of butterflies
 h - 4 scrolls of summoning
 l - 5 scrolls of fear
 w - 2 scrolls of torment
 E - a scroll of brand weapon
 J - 2 scrolls of blinking
 K - 8 scrolls of identify
 O - 8 scrolls of teleportation
 S - 5 scrolls of poison
 T - 3 scrolls of revelation
 V - a scroll of amnesia
 W - 3 scrolls of fog
 X - 5 scrolls of immolation
 Y - 2 scrolls of silence
Potions
 a - 3 potions of magic
 f - 2 potions of heal wounds
 i - 2 potions of might
 j - 8 potions of enlightenment
 o - 17 potions of degeneration
 p - 3 potions of haste
 u - 4 potions of mutation
 x - 4 potions of curing
 z - 4 potions of invisibility
 C - 4 potions of brilliance
 D - 3 potions of resistance
 F - 5 potions of attraction
 I - a potion of cancellation
 Z - a potion of ambrosia


   Skills:
 + Level 13.4 Fighting
 - Level 9.8(11.1) Axes
 * Level 8.1(11.4) Maces & Flails
 - Level 7.9(9.5) Staves
 + Level 12.2 Armour
 + Level 11.8 Dodging
 * Level 12.1 Shields
 + Level 8.8 Shapeshifting


You had 16 spell levels left.
You didn't know any spells.
Your spell library contained the following spells:

 Spells                   Type           Power      Damage    Failure   Level
 Kiss of Death            Conj/Necr      0%         2d5       43%         1
 Shock                    Conj/Air       0%         1d3       43%         1
 Slow                     Hex            0%         N/A       43%         1
 Sting                    Conj/Alch      0%         1d3       43%         1
 Blink                    Tloc           0%         N/A       56%         2
 Ensorcelled Hibernation  Hex/Ice        0%         N/A       56%         2
 Lesser Beckoning         Tloc           0%         N/A       56%         2
 Mercury Vapours          Alch/Air       0%         N/A       56%         2
 Momentum Strike          Conj/Tloc      0%         3d8       56%         2
 Scorch                   Fire           0%         2d5       56%         2
 Searing Ray              Conj           0%         2d4       56%         2
 Sublimation of Blood     Necr           0%         N/A       56%         2
 Confusing Touch          Hex            0%         N/A       80%         3
 Dazzling Flash           Conj/Hex       0%         N/A       80%         3
 Fugue of the Fallen      Necr           0%         N/A       80%         3
 Gell's Gravitas          Tloc           0%         N/A       80%         3
 Hailstorm                Conj/Ice       0%         3d5       80%         3
 Sigil of Binding         Hex            0%         N/A       80%         3
 Summon Ice Beast         Ice/Summ       0%         N/A       80%         3
 Swiftness                Air            0%         N/A       80%         3
 Teleport Other           Tloc           0%         N/A       80%         3
 Vampiric Draining        Necr           0%         2d6       80%         3
 Volatile Blastmotes      Fire/Tloc      0%         2d10      80%         3
 Airstrike                Air            0%         2d(0-16)  99%         4
 Anguish                  Hex/Necr       0%         N/A       99%         4
 Flame Wave               Conj/Fire      0%         2d4       99%         4
 Fulminant Prism          Conj/Alch      0%         3d5       99%         4
 Iskenderun's Mystic Bla  Conj/Tloc      0%         2d3       99%         4
 Martyr's Knell           Necr/Summ      0%         N/A       99%         4
 Olgreb's Toxic Radiance  Alch           0%         N/A       99%         4
 Silence                  Hex/Air        0%         N/A       100%        5
 Summon Forest            Summ/Tloc      0%         N/A       100%        5
 Eringya's Noxious Bog    Alch           0%         4d6       100%        6
 Plasma Beam              Fire/Air       0%         2x1d10    100%        6
 Sculpt Simulacrum        Ice/Alch       0%         N/A       100%        6
 Starburst                Conj/Fire      0%         6d3       100%        6
 Summon Cactus Giant      Summ           0%         N/A       100%        6
 Haunt                    Necr/Summ      0%         N/A       100%        7
 Summon Hydra             Summ           0%         N/A       100%        7
 Maxwell's Capacitive Co  Air            0%         ∞         100%        8
 Chain Lightning          Conj/Air       0%         N/A       100%        9


Dungeon Overview and Level Annotations

Branches:
Dungeon (15/15)            Temple (1/1) D:7            Lair (5/5) D:9
  Swamp (0/4) Lair:2        Snake (4/4) Lair:2        Slime (0/5) Lair:5
    Orc (0/2) D:9          Vaults (0/5) D:14         Depths (0/4) D:15
  Sewer (visited)          Bailey (visited)         Volcano (visited)

Altars:
Ashenzari
Cheibriados
Dithmenos
Fedhas
Gozag
Hepliaklqana
Kikubaaqudgha
Makhleb
Nemelex Xobeh
Okawaru
Qazlal
Ru
Sif Muna
Trog
Uskayaw
Vehumet
Wu Jian
Xom
Yredelemnul
Jiyva

Shops:
Snake:4 *


Innate Abilities, Weirdness & Mutations

You have a pair of antennae on your head.
You are completely covered in yellow scales. (AC +4, rCorr)
You sometimes emit foul miasma when damaged in melee.
You are mostly covered in sharp spines.
You have large cloven feet.
You are mostly covered in large bone plates. (SH +6)
Your skin changes colour to match your surroundings (Stealth+).
You possess an exceptional clarity of mind.
Your mind is acute. (Int +4, Str/Dex -1)
You are clumsy. (Dex -2)
You have an increased reservoir of magic. (+10% MP)
You are strong-willed. (Will+)
A frigid envelope surrounds you and freezes all who hurt you.
You passively map the area around you.
Your system is resistant to poisons. (rPois)
Your natural rate of healing is unusually fast.
You are robust. (+10% HP)
You are resistant to electric shocks. (rElec)
Your muscles are strong. (Str +4, Int/Dex -1)
You are vulnerable to heat. (rF-)
You occasionally lose the ability to read scrolls when taking damage.
You expend magic power (3 MP) to strengthen your wands.
Your movements are less encumbered by armour. (ER -4)
Your health recovers twice as slowly from being drained.


Message History

You closely miss the mana viper.
The mana viper is heavily wounded.
The nagaraja points at you and mumbles some strange words.
The poison arrow hits you!
You are more poisoned.
You partially resist.
* * * LOW HITPOINT WARNING * * *
You block the salamander tyrant's attack.
You block the mana viper's attack.
The naga warrior hits you but does no damage.
You hit the mana viper.
The mana viper is severely wounded.
You feel very sick. You block the nagaraja's attack.
You block the shock serpent's attack.
The salamander tyrant gazes fiercely through you!
You feel as though you will be weak longer.
You puncture the mana viper!
The mana viper appears confused.
The mana viper is almost dead.
You feel sick.
The nagaraja hits you from afar with a +0 spear!!
* * * LOW HITPOINT WARNING * * *
The mana viper bites the salamander tyrant!
The salamander tyrant's magic leaks into the air.
You block the naga warrior's attack.
You impale the salamander tyrant!!
You feel better.
The salamander tyrant is moderately wounded.
You feel very sick.
The nagaraja hits you from afar with a +0 spear!!
* * * LOW HITPOINT WARNING * * *
You block the salamander's attack.
The shock serpent shoots out a bolt of lightning at you!
The bolt of electricity hits you but does no damage.
You resist. You block the mana viper's attack.
The mana viper bites itself.
You puncture the salamander tyrant!
The salamander tyrant is poisoned.
The salamander tyrant is heavily wounded.
You can read scrolls again.
You feel sick.
The nagaraja hits you from afar with a +0 spear!
You die...
Xom howls with laughter!

######### ####
........###..## ###
........##....# #..#
........#....)#### *#....
* ............)..).#
#.....
..........#####).##......
* .........## ##.SN......
* * .........# #@SN......
, .........#* #.NNS......
,, * ..........#
*#..NN...... ,**
..........., ............
,
.........................
,
.........................
,, , #.....#..
.##............ #..####*
............. ....# , ,
,, * , *


You could see a nagaraja (fast, strong), a naga warrior, 2 salamander tyrants, a
salamander (strong), a shock serpent (slow), a mana viper (confused, slow), a
guardian serpent and a naga (strong).

Vanquished Creatures
  2 acid blobs (Lair:5)
  A sphinx (shapeshifter) (Snake:2)
  A tentacled starspawn (Abyss:1)
  Aizul (Snake:1)
  Roxanne (D:15)
  3 nagarajas
  Nessos (D:14)
  A red draconian (Volcano)
  Snorg (D:11)
  An entropy weaver (shapeshifter) (D:14)
  3 vault guards (D:14)
  Erolcha (D:11)
  7 hydras
  A salamander tyrant (Snake:4)
  3 boulder beetles
  An ogre mage (D:14)
  Erica (D:8)
  A centaur warrior (D:15)
  A catoblepas (Lair:1)
  9 two-headed ogres
  7 anacondas
  3 death yaks (Lair:4)
  A deep troll earth mage (D:15)
  8 naga warriors
  An orc high priest (Bailey)
  Urug (Lair:3)
  5 shock serpents
  5 naga sharpshooters
  A salamander mystic (Snake:4)
  2 skysharks
  A sea snake (D:13)
  Amaemon (Lair:3)
  A bunyip zombie (Abyss:1)
  A fire crab (shapeshifter) (Lair:2)
  A death drake (D:12)
  4 orc knights
  A bog body (Lair:2)
  2 deep elf archers (D:14)
  An arcanist (D:14)
  5 mana vipers
  A bunyip skeleton (Abyss:1)
  4 naga ritualists
  Pikel (D:6)
  An obsidian statue (D:12)
  A harpy (shapeshifter) (D:15)
  3 deep elf pyromancers
  A lindwurm (Lair:2)
  2 manticores (D:13)
  2 starcursed masses (Abyss:1)
  An orc sorcerer (Bailey)
  12 ugly things
  13 salamanders
  Maurice (D:8)
  A worldbinder (Abyss:1)
  7 cyclopes
  5 elephants
  7 guardian serpents
  2 ice statues (D:12)
  23 naga magi
  4 gargoyles
  42 black mambas
  4 molten gargoyles (Volcano)
  A torpor snail (Lair:2)
  3 large abominations (Abyss:1)
  2 orange demons
  An unseen horror (D:10)
  11 cane toads
  Jeremiah (Lair:1)
  3 kobold demonologists
  10 komodo dragons
  5 rime drakes
  A yaktaur (D:14)
  An alligator snapping turtle skeleton (Abyss:1)
  An efreet (D:13)
  3 freezing wraiths
  A troll (D:10)
  2 ancient zymes (Abyss:1)
  7 hornets
  5 polar bears
  21 blink frogs
  A raiju (Abyss:1)
  3 slime creatures
  5 dream sheep
  12 spriggans (Lair:5)
  46 yaks
  A centaur simulacrum (Abyss:1)
  A ynoxinul (Abyss:1)
  2 shadows
  3 wraiths
  A vampire (D:12)
  A human (D:14)
  A yak (shapeshifter) (D:13)
  6 wyverns
  A fire bat (shapeshifter) (D:15)
  3 basilisks
  A steam dragon (Lair:2)
  2 chaos spawn (Abyss:1)
  Edmund (D:6)
  49 nagas
  9 water moccasins
  Duvessa (D:6)
  An acid dragon (D:12)
  A sky beast (Snake:1)
  9 black bears
  A meliai simulacrum (D:15)
  19 orc warriors
  7 boggarts
  3 ogres
  28 wolves
  A tengu (D:15)
  6 centaurs
  7 kobold brigands
  A weeping skull (Abyss:1)
  A brain worm (Snake:2)
  10 bullfrogs
  4 gnoll sergeants
  4 scorpions
  2 small abominations (Abyss:1)
  Dowan (D:6)
  A wight (D:7)
  7 electric eels
  4 howler monkeys
  Crazy Yiuf (D:2)
  7 orc priests
  2 sleepcaps (D:5)
  2 hounds (D:6)
  8 iguanas
  4 jellies
  8 orc wizards
  32 gnolls
  8 adders
  A river rat (Sewer)
  A shadow imp (D:7)
  3 white imps
  6 dart slugs
  3 ribbon worms
  50 orcs
  2 bats (D:3)
  8 endoplasms
  5 giant cockroaches
  9 hobgoblins
  2 jackals
  2 quokkas
  14 ball pythons
  7 frilled lizards
  24 goblins
  36 kobolds
  5 rats
828 creatures vanquished.

Vanquished Creatures (collateral kills)
  Harold (D:11)
  A naga warrior (Snake:1)
  An ugly thing (D:15)
  A cyclops (Volcano)
  A salamander (Volcano)
  A gargoyle (D:11)
  A molten gargoyle (Volcano)
  A large abomination (Abyss:1)
  An efreet (Volcano)
  A blink frog (shapeshifter) (D:13)
  4 yaks
  A wolf (Lair:2)
  A kobold brigand (D:8)
  A gnoll (Bailey)
  An orc (D:8)
  A kobold (D:8)
  A rat (D:2)
20 creatures vanquished.

Vanquished Creatures (others)
  An ogre mage (D:14)
  A dancing weapon (Snake:2)
  A shock serpent (Snake:3)
  A cane toad (Lair:5)
  A wolf zombie (Lair:2)
  An orc zombie (D:9)
  2 starspawn tentacles (Abyss:1)
8 creatures vanquished.

Grand Total: 856 creatures vanquished

Notes
Turn   | Place    | Note
-------+----------+-------------------------------------------
     0 | D:1      | RockinRobin the Demonspawn Chaos Knight began the quest for
                  | the Orb.
     0 | D:1      | Reached XP level 1. HP: 18/18 MP: 1/1
    49 | D:1      | Found a large runed translucent door.
    49 | D:1      | Found a large runed translucent door.
    55 | D:1      | Reached skill level 1 in Dodging
   160 | D:1      | Gained mutation: You may rarely emit foul miasma when
                  | damaged in melee. [demonic ancestry]
   160 | D:1      | Reached XP level 2. HP: 23/24 MP: 2/2
   392 | D:1      | XOM: silly message
   833 | D:2      | Reached XP level 3. HP: 21/29 MP: 3/3
   999 | D:2      | XOM: 6-stop teleportation journey
  1264 | D:2      | Gained mutation: You have a pair of small antennae on your
                  | head. [demonic ancestry]
  1264 | D:2      | Reached XP level 4. HP: 35/35 MP: 4/4
  1456 | D:2      | Found a runed translucent door.
  1457 | D:2      | Noticed Crazy Yiuf
  1461 | D:2      | XOM: confusion
  1466 | D:2      | Killed Crazy Yiuf
  1533 | D:2      | Gained mutation: Your mind is acute. (Int +4, Str/Dex -1)
                  | [potion of mutation]
  1533 | D:2      | Lost mutation: Your mind is acute. (Int +4, Str/Dex -1)
                  | [potion of mutation]
  1533 | D:2      | Gained mutation: You have supernaturally acute eyesight.
                  | (SInv) [potion of mutation]
  1660 | D:3      | Gained mutation: You are partially covered in sharp spines.
                  | [demonic ancestry]
  1660 | D:3      | Reached XP level 5. HP: 32/42 MP: 5/5
  1664 | D:3      | Identified the +5 chain mail of Entitlement {rC- Regen+
                  | Dex+3 Slay+3}
  1705 | D:3      | XOM: silly message
  1720 | D:3      | Found a glowing drain.
  1734 | D:3      | Found a shimmering blue altar of Sif Muna.
  1746 | D:3      | Identified the ring "Xegucaun" {Fly Str+5 Int+6 Dex-3
                  | Stlth+}
  1767 | Sewer    | Entered a sewer
  1826 | Sewer    | XOM: confuse monster(s)
  1830 | Sewer    | Reached skill level 4 in Fighting
  1830 | Sewer    | Reached skill level 1 in Staves
  1833 | Sewer    | Gained mutation: You are partially covered in yellow
                  | scales. (AC +2) [demonic ancestry]
  1833 | Sewer    | Reached XP level 6. HP: 37/48 MP: 6/6
  1949 | D:3      | Found a hide-covered altar of Uskayaw.
  2278 | D:3      | Identified the +1 whip of Paper {pain, Str+3}
  2595 | D:4      | XOM: give mutations
  2595 | D:4      | Gained mutation: You sometimes lose your temper in combat.
                  | [Xom's mischief]
  2595 | D:4      | Gained mutation: You occasionally lose the ability to read
                  | scrolls when taking damage. [Xom's mischief]
  2595 | D:4      | Gained mutation: You have sharp toenails. [Xom's mischief]
  2595 | D:4      | Gained mutation: You are strong-willed. (Will+) [Xom's
                  | mischief]
  2609 | D:4      | XOM: confuse monster(s)
  2824 | D:4      | Gained mutation: You are mostly covered in yellow scales.
                  | (AC +3) [demonic ancestry]
  2824 | D:4      | Reached XP level 7. HP: 55/55 MP: 7/7
  2824 | D:4      | XOM: divination: detect creatures
  3064 | D:5      | Entered Level 5 of the Dungeon
  3081 | D:5      | XOM: 1-stop teleportation journey
  3093 | D:5      | Reached skill level 5 in Fighting
  3339 | D:5      | XOM: god gift: javelin
  3352 | D:5      | XOM: divination: detect creatures
  3361 | D:5      | XOM: divination: detect creatures
  3477 | D:5      | Lost mutation: You sometimes lose your temper in combat.
                  | [potion of mutation]
  3477 | D:5      | Lost mutation: You occasionally lose the ability to read
                  | scrolls when taking damage. [potion of mutation]
  3477 | D:5      | Gained mutation: You are clumsy. (Dex -2) [potion of
                  | mutation]
  3477 | D:5      | Gained mutation: You have razor-sharp toenails. [potion of
                  | mutation]
  3478 | D:5      | Lost mutation: You are strong-willed. (Will+) [potion of
                  | mutation]
  3478 | D:5      | Lost mutation: You are clumsy. (Dex -2) [potion of
                  | mutation]
  3478 | D:5      | Lost mutation: You have razor-sharp toenails. [potion of
                  | mutation]
  3478 | D:5      | Lost mutation: You have supernaturally acute eyesight.
                  | (SInv) [potion of mutation]
  3478 | D:5      | Gained mutation: You passively map a small area around you.
                  | [potion of mutation]
  3478 | D:5      | Gained mutation: You are partially covered in large bone
                  | plates. (SH +4) [potion of mutation]
  3579 | D:6      | Gained mutation: You have a pair of antennae on your head.
                  | [demonic ancestry]
  3579 | D:6      | Reached XP level 8. HP: 63/63 MP: 8/8
  3623 | D:6      | Found a shadowy altar of Dithmenos.
  3633 | D:6      | Noticed Edmund
  3649 | D:6      | XOM: cast spell 'Summon Small Mammal'
  3656 | D:6      | Killed Edmund
  3657 | D:6      | Reached skill level 6 in Fighting
  3657 | D:6      | Reached skill level 5 in Armour
  3820 | D:6      | Found a shimmering altar of Xom.
  3995 | D:6      | Noticed Duvessa
  3995 | D:6      | Noticed Pikel
  3998 | D:6      | Noticed Dowan
  4003 | D:6      | Killed Pikel
  4004 | D:6      | Reached skill level 5 in Dodging
  4004 | D:6      | XOM: confuse monster(s)
  4012 | D:6      | Killed Duvessa
  4013 | D:6      | Gained mutation: You are mostly covered in sharp spines.
                  | [demonic ancestry]
  4013 | D:6      | Reached XP level 9. HP: 71/71 MP: 9/9
  4017 | D:6      | Killed Dowan
  4143 | D:7      | XOM: silly message
  4273 | D:7      | Reached skill level 5 in Staves
  4275 | D:7      | Found a bloodstained altar of Trog.
  4328 | D:7      | Reached skill level 7 in Fighting
  4362 | D:7      | Found a staircase to the Ecumenical Temple.
  4500 | D:7      | XOM: noise
  4773 | D:7      | XOM: noise
  4912 | D:7      | Noticed a komodo dragon
  4915 | D:7      | Killed a komodo dragon
  5119 | D:8      | Noticed a two-headed ogre
  5120 | D:8      | XOM: summons 9 friendly demons
  5128 | D:8      | XOM: summons 5 friendly demons
  5130 | D:8      | XOM: summons 5 friendly demons
  5134 | D:8      | Killed a two-headed ogre
  5135 | D:8      | Reached skill level 8 in Fighting
  5135 | D:8      | Reached XP level 10. HP: 64/80 MP: 10/10
  5137 | D:8      | Noticed Erica
  5150 | D:8      | Killed Erica
  5462 | D:8      | Noticed Maurice
  5469 | D:8      | Maurice stole a ring of see invisible
  5472 | D:8      | Maurice stole 142 gold
  5475 | D:8      | Killed Maurice
  5487 | D:8      | XOM: silly message
  5704 | D:8      | XOM: silly message
  5732 | D:9      | Reached skill level 1 in Shapeshifting
  5740 | D:9      | Noticed an orange demon
  5751 | D:9      | XOM: potion effect (might)
  5794 | D:9      | Noticed an elephant
  5794 | D:9      | XOM: silly message
  5795 | D:9      | Found a staircase to the Lair.
  5805 | D:9      | Killed an elephant
  6031 | D:9      | Found a staircase to the Orcish Mines.
  6192 | D:9      | XOM: cast spell 'Summon Small Mammal'
  6206 | D:9      | Reached XP level 11. HP: 49/87 MP: 11/11
  6208 | D:9      | Reached skill level 9 in Fighting
  6287 | D:9      | XOM: silly message
  6328 | D:9      | XOM: confusion (+ monsters)
  6339 | D:9      | XOM: scenery: 1 doors open
  6495 | D:10     | Entered Level 10 of the Dungeon
  6501 | D:10     | XOM: god gift: potion of resistance
  6514 | D:10     | Found a flagged portal.
  6552 | Bailey   | Entered a bailey
  6622 | Bailey   | Noticed an orc sorcerer
  6646 | Bailey   | Killed an orc sorcerer
  6656 | Bailey   | XOM: god gift: emerald potion {god gift}
  6930 | Bailey   | Found an iron altar of Okawaru.
  6930 | Bailey   | Noticed an orc high priest
  6942 | Bailey   | Killed an orc high priest
  6964 | Bailey   | Identified the +6 whip of Ecurphelo {antimagic, rC- Dex+8}
  7039 | Bailey   | XOM: scenery: 2 doors close
  7053 | Bailey   | XOM: scenery: 2 doors close
  7089 | Bailey   | Got The Foundations of Wizardry
  7140 | Bailey   | Noticed an orc knight
  7153 | Bailey   | Killed an orc knight
  7169 | Bailey   | Acquired the +2 shield of Resistance {rF++ rC++ Will++}
  7169 | Bailey   | Found the +2 shield of Resistance {rF++ rC++ Will++}
  7235 | D:10     | Reached skill level 1 in Shields
  7334 | D:10     | XOM: scenery: 1 doors open, 1 doors close
  7498 | D:10     | XOM: potion effect (brilliance)
  7562 | D:10     | XOM: god gift: scroll of teleportation
  7762 | D:11     | Noticed Erolcha
  7768 | D:11     | Killed Erolcha
  7788 | D:11     | Noticed Snorg
  7798 | D:11     | Killed Snorg
  7887 | D:11     | Found a blossoming altar of Fedhas.
  7907 | D:11     | Noticed Harold
  7919 | D:11     | Killed Harold
  7920 | D:11     | Reached XP level 12. HP: 96/97 MP: 12/12
  8019 | D:11     | XOM: give mutations
  8019 | D:11     | Gained mutation: A frigid envelope surrounds you and
                  | freezes all who hurt you. [Xom's grace]
  8019 | D:11     | Gained mutation: Your natural rate of healing is unusually
                  | fast. [Xom's grace]
  8019 | D:11     | Gained mutation: You have an increased reservoir of magic.
                  | (+10% MP) [Xom's grace]
  8239 | D:12     | XOM: cleaving
  8254 | D:12     | XOM: scenery: summon butterflies
  8260 | D:12     | Reached skill level 10 in Fighting
  8278 | D:12     | Reached skill level 5 in Axes
  8401 | D:12     | XOM: scenery: create altars
  8475 | D:12     | XOM: give mutations
  8475 | D:12     | Gained mutation: Your system is resistant to poisons.
                  | (rPois) [Xom's grace]
  8475 | D:12     | Gained mutation: Your muscles are strong. (Str +4, Int/Dex
                  | -1) [Xom's grace]
  8475 | D:12     | Gained mutation: Your movements are slightly less
                  | encumbered by armour. (ER -2) [Xom's grace]
  8475 | D:12     | Gained mutation: Your muscles are very strong. (Str +8,
                  | Int/Dex -2) [Xom's grace]
  8534 | D:12     | Noticed a two-headed ogre
  8537 | D:12     | XOM: butterfly on damage
  8537 | D:12     | Killed a two-headed ogre
  8573 | D:12     | XOM: divination: magic mapping
  8746 | D:12     | XOM: god gift: glowing short sword {god gift}
  8919 | D:12     | XOM: polymorph red devil -> cerulean imp
  8927 | D:12     | XOM: summons friendly quasit
  8933 | D:12     | Gained mutation: Your health recovers twice as slowly from
                  | being drained. [a neqoxec]
  8934 | D:12     | Gained mutation: You occasionally lose the ability to read
                  | scrolls when taking damage. [a neqoxec]
  8937 | D:12     | Lost mutation: Your natural rate of healing is unusually
                  | fast. [a neqoxec]
  8951 | D:12     | XOM: scenery: create altars
  8978 | D:12     | XOM: scenery: summon butterflies
  9024 | D:12     | XOM: give mutations
  9024 | D:12     | Lost mutation: Your muscles are very strong. (Str +8,
                  | Int/Dex -2) [Xom's mischief]
  9024 | D:12     | Gained mutation: You are clumsy. (Dex -2) [Xom's mischief]
  9151 | D:13     | XOM: scenery: 1 doors open, 1 doors close
  9240 | D:13     | XOM: give mutations
  9240 | D:13     | Gained mutation: Your natural rate of healing is unusually
                  | fast. [Xom's grace]
  9240 | D:13     | Gained mutation: You expend magic power (3 MP) to
                  | strengthen your wands. [Xom's grace]
  9447 | D:13     | Found a sparkling altar of Nemelex Xobeh.
  9524 | D:13     | Noticed a two-headed ogre
  9530 | D:13     | XOM: fake destruction
  9532 | D:13     | Killed a two-headed ogre
  9556 | D:13     | XOM: summons friendly quasit
  9563 | D:13     | Reached skill level 5 in Shields
  9563 | D:13     | Reached skill level 5 in Shapeshifting
  9565 | D:13     | XOM: noise
  9688 | D:13     | XOM: noise
  9727 | D:13     | XOM: god gift: potion of mutation
  9803 | D:13     | Noticed a six-headed hydra
  9806 | D:13     | Killed a six-headed hydra
  9866 | D:14     | Noticed a boulder beetle
  9866 | D:14     | XOM: noise
  9872 | D:14     | XOM: potion effect (attraction)
  9873 | D:14     | XOM: enchant monster (good)
  9877 | D:14     | Killed a boulder beetle
  9931 | D:14     | Noticed an entropy weaver
  9936 | D:14     | Killed an entropy weaver
 10152 | D:14     | Reached XP level 13. HP: 104/104 MP: 14/14
 10180 | D:14     | XOM: chaos cloud
 10197 | D:14     | XOM: confusion
 10199 | D:14     | Noticed Nessos
 10200 | D:14     | XOM: enchant monster (bad)
 10223 | D:14     | XOM: enchant monster (bad)
 10225 | D:14     | XOM: give mutation
 10225 | D:14     | Gained mutation: You are vulnerable to heat. (rF-) [Xom's
                  | mischief]
 10226 | D:14     | XOM: noise
 10229 | D:14     | XOM: noise
 10230 | D:14     | HP: 5/104 [human/bolt (7)]
 10313 | D:14     | Killed Nessos
 10386 | D:14     | XOM: cast spell 'Fugue of the Fallen'
 10469 | D:14     | XOM: enchant monster (good)
 10480 | D:14     | XOM: summons friendly white imp
 10491 | D:14     | Found a gate to the Vaults.
 10574 | D:14     | XOM: polymorph white imp -> ufetubus
 10588 | D:14     | XOM: give mutation
 10588 | D:14     | Gained mutation: You possess an exceptional clarity of
                  | mind. [Xom's grace]
 10772 | D:14     | XOM: fog
 10776 | D:14     | Reached skill level 11 in Fighting
 10782 | D:14     | XOM: destruction
 10869 | D:14     | XOM: god gift: chain mail {god gift}
 10963 | D:14     | XOM: give mutations
 10963 | D:14     | Gained mutation: Your movements are less encumbered by
                  | armour. (ER -4) [Xom's grace]
 10963 | D:14     | Gained mutation: Your spells are a little harder to cast,
                  | but a little more powerful. [Xom's grace]
 10963 | D:14     | Gained mutation: You passively map the area around you.
                  | [Xom's grace]
 10963 | D:14     | Gained mutation: You are resistant to electric shocks.
                  | (rElec) [Xom's grace]
 11070 | D:14     | XOM: noise
 11159 | D:15     | Entered Level 15 of the Dungeon
 11226 | D:15     | Reached skill level 10 in Armour
 11318 | D:15     | XOM: blink monster(s)
 11517 | D:15     | Found a staircase to the Depths.
 11702 | D:15     | XOM: draining
 11809 | D:15     | Identified the granite talisman of Pusuhayl {rC+ Dex-5
                  | Slay+2}
 11809 | D:15     | Noticed Roxanne
 11813 | D:15     | Identified the +6 battleaxe of Indomitability {freeze,
                  | rPois}
 11814 | D:15     | XOM: 3-stop teleportation journey
 11903 | D:15     | Killed Roxanne
 11946 | D:15     | XOM: summons 6 friendly demons
 11956 | D:15     | XOM: butterfly on damage
 11959 | D:15     | XOM: fog
 11964 | D:15     | XOM: butterfly on damage
 11965 | Abyss:1  | XOM: stealth player
 11965 | Abyss:1  | Cast into level 1 of the Abyss (Xom)
 12003 | Abyss:1  | Found a corrupted altar of Lugonu.
 12020 | Abyss:1  | Found an opulent altar of Gozag.
 12070 | Abyss:1  | XOM: swap monsters
 12209 | Abyss:1  | XOM: summons 4 friendly demons
 12213 | Abyss:1  | Gained mutation: You are completely covered in yellow
                  | scales. (AC +4, rCorr) [demonic ancestry]
 12213 | Abyss:1  | Reached XP level 14. HP: 108/109 MP: 15/15
 12227 | Abyss:1  | XOM: enchant monster (good)
 12232 | Abyss:1  | Noticed a tentacled starspawn
 12245 | Abyss:1  | Killed a tentacled starspawn
 12270 | Abyss:1  | Found a corrupted altar of Lugonu.
 12313 | Abyss:1  | Found a corrupted altar of Lugonu.
 12336 | Abyss:1  | Reached skill level 10 in Dodging
 12345 | Abyss:1  | XOM: polymorph small abomination -> small abomination
 12432 | D:15     | Escaped the Abyss
 12436 | D:15     | XOM: confuse monster(s)
 13269 | Temple   | Entered the Ecumenical Temple
 13351 | Lair:1   | Entered Level 1 of the Lair of Beasts
 13471 | Lair:1   | Noticed Jeremiah
 13480 | Lair:1   | Killed Jeremiah
 13626 | Lair:1   | XOM: polymorph blink frog -> jelly
 13716 | Lair:1   | Acquired the +0 cloak "Ekliogio" {rPois Dex+3}
 14119 | Lair:1   | XOM: give mutation
 14119 | Lair:1   | Lost mutation: Your spells are a little harder to cast, but
                  | a little more powerful. [Xom's mischief]
 14231 | Lair:1   | XOM: cloud trail
 14284 | Lair:2   | XOM: butterfly on damage
 14307 | Lair:2   | Found a staircase to the Swamp.
 14445 | Lair:2   | Found a dark tunnel.
 14467 | Volcano  | Entered a volcano
 14473 | Volcano  | XOM: confuse monster(s)
 14506 | Volcano  | XOM: cast spell 'Summon Dragon'
 14558 | Volcano  | Noticed an orb of fire
 14561 | Volcano  | XOM: chaos upgrade
 14565 | Volcano  | XOM: confuse monster(s)
 14595 | Volcano  | XOM: confuse monster(s)
 14600 | Volcano  | Noticed an orb of fire
 14852 | Lair:2   | XOM: noise
 14973 | Lair:2   | XOM: summons 4 friendly demons
 15082 | Lair:2   | XOM: polymorph komodo dragon -> glowing shapeshifter
 15083 | Lair:2   | Reached skill level 1 in Maces & Flails
 15083 | Lair:2   | XOM: polymorph sun moth -> glowing shapeshifter
 15085 | Lair:2   | XOM: summons 14 friendly demons
 15090 | Lair:2   | Reached skill level 12 in Fighting
 15134 | Lair:2   | XOM: scenery: create altars
 15146 | Lair:2   | Found a blossoming altar of Fedhas.
 15289 | Lair:2   | Gained mutation: You sometimes emit foul miasma when
                  | damaged in melee. [demonic ancestry]
 15289 | Lair:2   | Reached XP level 15. HP: 120/120 MP: 16/16
 15343 | Lair:2   | Found a staircase to the Snake Pit.
 15646 | Lair:2   | XOM: cloud trail
 15833 | Lair:3   | Noticed Urug
 15833 | Lair:3   | XOM: 9-stop teleportation journey
 15939 | Lair:3   | XOM: confuse monster(s)
 16129 | Lair:3   | XOM: divination: detect creatures
 16139 | Lair:3   | Killed Urug
 16264 | Lair:3   | Noticed Amaemon
 16275 | Lair:3   | XOM: cast spell 'Summon Cactus Giant'
 16278 | Lair:3   | Killed Amaemon
 16480 | Lair:3   | XOM: god gift: Hifim's Volume of Molten Fumes {god gift}
 16481 | Lair:3   | Got Hifim's Volume of Molten Fumes {god gift}
 16581 | Lair:3   | XOM: give mutations
 16581 | Lair:3   | Gained mutation: Your skin changes colour to match your
                  | surroundings (Stealth+). [Xom's grace]
 16581 | Lair:3   | Gained mutation: Your mind is acute. (Int +4, Str/Dex -1)
                  | [Xom's grace]
 16581 | Lair:3   | Gained mutation: You are strong-willed. (Will+) [Xom's
                  | grace]
 16677 | Lair:4   | XOM: potion effect (heal wounds)
 17354 | Lair:4   | XOM: divination: magic mapping
 17505 | Lair:5   | Entered Level 5 of the Lair of Beasts
 17596 | Lair:5   | Reached skill level 10 in Shields
 17639 | Lair:5   | XOM: fog
 17746 | Lair:5   | XOM: give mutations
 17746 | Lair:5   | Gained mutation: You are robust. (+10% HP) [Xom's grace]
 17746 | Lair:5   | Gained mutation: You are mostly covered in large bone
                  | plates. (SH +6) [Xom's grace]
 17746 | Lair:5   | Lost mutation: You have sharp toenails. [Xom's grace]
 17746 | Lair:5   | Gained mutation: You have large cloven feet. [Xom's grace]
 17812 | Lair:5   | XOM: fog
 17886 | Lair:5   | XOM: divine lightning
 17964 | Lair:5   | Found a runed translucent door.
 17965 | Lair:5   | Found a viscous altar of Jiyva.
 17965 | Lair:5   | Noticed an acid blob
 17966 | Lair:5   | Noticed an acid blob
 17967 | Lair:5   | Found a staircase to the Slime Pits.
 17975 | Lair:5   | Killed an acid blob
 17982 | Lair:5   | Killed an acid blob
 18028 | Lair:5   | Reached skill level 5 in Maces & Flails
 18110 | Lair:5   | XOM: scenery: summon butterflies
 18416 | Snake:1  | Entered Level 1 of the Snake Pit
 18424 | Snake:1  | XOM: scenery: create altars
 18459 | Snake:1  | XOM: polymorph black mamba -> sky beast
 18463 | Snake:1  | XOM: cleaving
 18469 | Snake:1  | XOM: fog
 18521 | Snake:1  | XOM: cast spell 'Cause Fear'
 18572 | Snake:1  | Identified the serpent talisman of Benevolence {Int+4}
 18572 | Snake:1  | Noticed Aizul
 18587 | Snake:1  | Killed Aizul
 18588 | Snake:1  | Reached XP level 16. HP: 71/141 MP: 17/17
 18745 | Snake:1  | XOM: 3-stop teleportation journey
 18748 | Snake:1  | XOM: cloud trail
 18901 | Snake:1  | XOM: cloud trail
 19125 | Snake:2  | XOM: potion effect (brilliance)
 19180 | Snake:2  | Found a huge runed translucent gate.
 19180 | Snake:2  | Found a huge runed translucent gate.
 19181 | Snake:2  | Found a huge runed translucent gate.
 19181 | Snake:2  | Found a huge runed translucent gate.
 19181 | Snake:2  | Found a huge runed translucent gate.
 19199 | Snake:2  | XOM: confuse monster(s)
 19202 | Snake:2  | XOM: confuse monster(s)
 19349 | Snake:2  | XOM: polymorph salamander tyrant -> shapeshifter
 19350 | Snake:2  | a shapeshifter changed into a sphinx
 19350 | Snake:2  | Noticed a sphinx (shapeshifter)
 19354 | Snake:2  | Killed a sphinx
 19619 | Snake:2  | Reached skill level 13 in Fighting
 19845 | Snake:2  | XOM: draining
 19858 | Snake:2  | XOM: polymorph naga sharpshooter -> brain worm
 19876 | Snake:2  | Identified the +9 battleaxe "Moethiut" {flame, +Blink rPois
                  | Int+3}
 20018 | Snake:3  | XOM: stealth player
 20025 | Snake:3  | XOM: confuse monster(s)
 20042 | Snake:3  | XOM: silly message
 20053 | Snake:3  | XOM: potion effect (attraction)
 20095 | Snake:3  | XOM: silly message
 20134 | Snake:3  | XOM: silly message
 20161 | Snake:3  | XOM: potion effect (brilliance)
 20282 | Snake:3  | Got the Volume of Unhallowed Arts
 20397 | Snake:3  | XOM: potion effect (might)
 20487 | Snake:3  | XOM: potion effect (might)
 20515 | Snake:3  | XOM: summons 1 hostile demon
 20660 | Snake:3  | XOM: god gift: ring mail {god gift}
 20815 | Snake:4  | Entered Level 4 of the Snake Pit
 20815 | Snake:4  | XOM: scenery: create altars
 20828 | Snake:4  | XOM: smoke on damage
 20837 | Snake:4  | XOM: scenery: create altars
 20844 | Snake:4  | XOM: chaos upgrade
 20892 | Snake:4  | Found Suirr's Overcharged Wands.
 20929 | Snake:4  | XOM: torment (63/144 hp)
 20938 | Snake:4  | XOM: chaos upgrade
 20942 | Snake:4  | XOM: smoke on damage
 21019 | Snake:4  | XOM: scenery: summon butterflies
 21030 | Snake:4  | Reached XP level 17. HP: 148/148 MP: 18/18
 21068 | Snake:4  | HP: 6/225 [nagaraja/+0 spear (21)]
 21069 | Snake:4  | Slain by a nagaraja

Illustrated notes

Levels and vault maps discovered:
D:1:      erik_arrival_cave_to_civilisation [erik_arrival_cave_to_temple],
          layout_basic
D:2:      layout_basic, uniq_crazy_yiuf_cottage
D:3:      layout_loops_ring, mainiacjoe_overflow_boulevard,
          mainiacjoe_overflow_tiny_flanked, portal_sewer_entry_a
D:4:      nicolae_cairo_tiling, layout_cave_pools, minmay_between
D:5:      layout_cave_pools, grunt_ministairs_3, nrook_loot_triangle,
          serial_bayou_pond_e, kennysheep_generic_room_4
D:6:      layout_basic, xom_teletrap_fun, nicolae_dithmenos_shadow_blocks,
          uniq_edmund, uniq_duvessa, uniq_pikel
D:7:      layout_basic, jmf_multi_god_temple,
          minmay_temple_entry_statues_pillars, chequers_serial_rivers_room_b,
          minmay_lizard_king
D:8:      layout_basic, uniq_erica, uniq_maurice
D:9:      layout_roguey, david_lair_generic, erik_orc_2
D:10:     layout_roguey, enter_bailey_5
D:11:     layout_cave_pools, serial_park, serial_park_central
          [serial_park_minivault_5x5_6, serial_park_minivault_5x5_5],
          serial_park_tiny_2, serial_park_square1 [serial_park_minivault_5x5_4],
          uniq_harold, uniq_erolcha, uniq_snorg
D:12:     layout_long_grid, minmay_more_statues
D:13:     layout_gridville, nemelex_diamond_rough_becter
D:14:     layout_basic, grunt_vaults_entry_fortified, minmay_circle_x,
          uniq_nessos
D:15:     hellmonk_depths_entry_around_the_bend, layout_loops_corners,
          minmay_misc_feat_plants, uniq_roxanne
Temple:   nicolae_temple_elliptical
Lair:1:   layout_cave_pods, minivault_11, grunt_megastairs_3, uniq_jeremiah
Lair:2:   layout_long_grid, nicolae_swamp_entry_splash_gauntlet,
          guppyfry_snake_entry_garden, nicolae_volcano_entry_vermiform,
          lemuel_centaur_altar
Lair:3:   layout_small_grid, lemuel_fruit_tree, uniq_amaemon, uniq_urug
Lair:4:   layout_regular_city, minmay_stone_trees_small, serial_bayou_shore_b,
          grunt_megastairs_5
Lair:5:   minmay_lair_end_enchanted_forest, layout_cave_shapes, slime_entry_2,
          infiniplex_staircase_pool_2, serial_bayou_shore_b
Snake:1:  layout_misc_corridors, uniq_aizul
Snake:2:  layout_cave_pods, hangedman_venom_bottle, grunt_megastairs_2
Snake:3:  layout_onion_interference
Snake:4:  hellmonk_snake_rune_quicksilver_temple, layout_grid_shapes,
          nicolae_shop_overcharged_wands, uniq_saint_roka

Skill      XL: |  1  2  3  4  5  6  7  8  9 10 11 12 13 14 15 16 17 |
---------------+----------------------------------------------------+-----
Dodging        | 1 2 3 4 5 6 7 8 9 10 11 | 11.8
Armour         | 2 3 4 5 7 8 9 10 11 12 | 12.2
Axes           | 3 4 6 8 9 |  9.8
Fighting       | 4 5 6 8 9 10 11 12 13 | 13.4
Staves         | 1 2 3 4 6 7 |  7.9
Shapeshifting  | 2 4 5 6 7 8 |  8.8
Shields        | 2 5 7 9 10 12 | 12.1
Maces & Flails | 1 5 7 8 |  8.1

Action                     |  1- 3 |  4- 6 |  7- 9 | 10-12 | 13-15 | 16-18 || total
---------------------------+-------+-------+-------+-------+-------+-------++-------
  Melee: Hand axe          |    93 |     3 |       |       |       |       ||    96
         Punch             |     1 |       |       |       |       |       ||     1
         Quarterstaff      |       |    95 |   165 |   447 |   479 |       ||  1186
         Unarmed           |       |     3 |       |       |       |       ||     3
         Kick              |       |     2 |    49 |   132 |       |       ||   183
         Whip              |       |       |       |       |    63 |       ||    63
         Morningstar       |       |       |       |       |   509 |   467 ||   976
  Throw: Javelin           |       |       |       |     6 |       |       ||     6
    Use: Scroll            |       |     6 |     9 |    15 |    14 |       ||    44
         Potion            |       |     1 |     2 |     1 |     6 |     5 ||    15
   Stab: Confused          |       |     1 |       |     2 |    15 |     4 ||    22
         Distracted        |       |       |     2 |     2 |     1 |     1 ||     6
         Paralysed         |       |       |     1 |     8 |     5 |     1 ||    15
         Petrifying        |       |       |       |     1 |     1 |       ||     2
         Petrified         |       |       |       |       |     5 |       ||     5
         Invisible         |       |       |       |       |     2 |       ||     2
         Held in net/web   |       |       |       |       |     1 |       ||     1
         Sleeping          |       |       |       |       |     2 |       ||     2
         Fleeing           |       |       |       |       |     1 |       ||     1
 Armour: Leather armour    |    61 |    28 |       |       |       |       ||    89
         Chain mail        |       |    26 |   121 |   358 |   704 |   282 ||  1491
  Dodge: Dodged            |    47 |    40 |    62 |   222 |   399 |   162 ||   932
  Block: Other             |       |       |    27 |    67 |    63 |       ||   157
         Kite shield       |       |       |       |       |   558 |   514 ||  1072

Table legend: (Time is in decaauts)
 A = Elapsed time spent in this place.
 B = Non-inter-level travel time spent in this place.
 C = Inter-level travel time spent in this place.
 D = Time resting spent in this place.
 E = Time spent auto-exploring this place.
 F = Levels seen in this place.
 G = Mean time per level.
                   A        B        C        D        E       F      G
               +--------+--------+--------+--------+--------+-----+--------+
         Total |  21199 |  20277 |    922 |    286 |  13488 |  29 |  731.0 |
       Dungeon |  12088 |  11378 |    710 |    258 |   7855 |  15 |  805.9 |
        Temple |      1 |      0 |      1 |      0 |      0 |   1 |    1.0 |
          Lair |   4740 |   4550 |    190 |      0 |   3322 |   5 |  948.0 |
     Snake Pit |   2679 |   2660 |     19 |      0 |   1683 |   4 |  669.8 |
         Abyss |    456 |    456 |      0 |     28 |    245 |   1 |  456.0 |
         Sewer |    207 |    207 |      0 |      0 |    140 |   1 |  207.0 |
        Bailey |    650 |    650 |      0 |      0 |     81 |   1 |  650.0 |
       Volcano |    374 |    374 |      0 |      0 |    161 |   1 |  374.0 |
               +--------+--------+--------+--------+--------+-----+--------+

Top non-repeatable levels by time:
    D:14: 1351 daAuts
    D:15: 1192 daAuts
  Lair:2: 1180 daAuts
 Snake:2: 987 daAuts
    D:12: 942 daAuts
  Lair:3: 942 daAuts
     D:7: 934 daAuts
  Lair:4: 895 daAuts
  Lair:1: 881 daAuts
  Lair:5: 841 daAuts
     D:1: 826 daAuts
     D:8: 822 daAuts
     D:2: 814 daAuts
     D:9: 809 daAuts
     D:3: 808 daAuts
